 Dungeon Crawl Stone Soup version 0.29.1-13-g9f3cf754e1 (webtiles) character file.

Game seed: 15542140923268860302

4 CungeonDrawl the Firebug (level 1, 1/13 HPs)
             Began as a Demonspawn Fire Elementalist on Jan 26, 2023.
             Quit the game on level 1 of the Dungeon.
             The game lasted 00:01:00 (64 turns).

CungeonDrawl the Firebug (DsFE)                       Turns: 64, Time: 00:01:01

Health: 1/13       AC:  2    Str:  8    XL:     1   Next: 50%
Magic:  0/3        EV: 12    Int: 16    God:
Gold:   0          SH:  0    Dex: 13    Spells: 3/4 levels left

rFire   . . .      SeeInvis .   (no weapon)
rCold   . . .      Faith    .   (no shield)
rNeg    . . .      Spirit   .   a - +0 robe
rPois   .          Reflect  .   (no helmet)
rElec   .          Harm     .   (no cloak)
rCorr   .          Rampage  .   (no gloves)
Will    .....                   (no boots)
Stlth   ++........              (no amulet)
HPRegen 0.04/turn               (no ring)
MPRegen 0.08/turn               (no ring)

@: no status effects
A: no striking features
a: no special abilities


You were on level 1 of the Dungeon.
You visited 1 branch of the dungeon, and saw 1 of its levels.

Inventory:

Armour
 a - a +0 robe (worn)
Potions
 b - a potion of magic


   Skills:
 - Level 1.8 Dodging
 - Level 1.8 Stealth
 + Level 2.0 Spellcasting
 + Level 1.2 Conjurations
 + Level 2.7 Fire Magic


You had 3 spell levels left.
You knew the following spells:

 Your Spells              Type           Power      Damage    Failure   Level
a - Foxfire               Conj/Fire      32%        2x1d5     9%          1

Your spell library contained the following spells:

 Spells                   Type           Power      Damage    Failure   Level
 Scorch                   Fire           20%        2d6       10%         2
 Conjure Flame            Conj/Fire      8%         6-21      26%         3
 Inner Flame              Hex/Fire       6%         N/A       34%         3
 Flame Wave               Conj/Fire      8%         2d5       65%         4


Dungeon Overview and Level Annotations

Branches:
Dungeon (1/15)

Altars:


Message History

A jackal comes into view. x2
There is an open door here.
You see here a bat corpse.
You conjure some foxfire!
The jackal barely misses you.
You hit the jackal but do no damage.
The foxfire hits the jackal.
The jackal is moderately wounded.
The foxfire hits the jackal but does no damage.
The jackal is moderately wounded.
The jackal closely misses you. The jackal misses you.
You conjure some foxfire!
The jackal bites you.
You closely miss the jackal.
The jackal is moderately wounded.
The foxfire hits the jackal.
The jackal is almost dead.
The foxfire hits the jackal.
You kill the jackal!
You are out of magic!
You completely miss the jackal. The jackal bites you.
You hit the jackal but do no damage. The jackal closely misses you.
The jackal bites you.
You closely miss the jackal.
The jackal barks!
Your punch misses the jackal.
You hear a shout!
The jackal bites you. The jackal closely misses you. x2
The jackal barely misses you.
You closely miss the jackal.
The jackal bites you but does no damage.
You miss the jackal. The jackal misses you. The jackal closely misses you.
The jackal misses you.
You hit the jackal but do no damage. The jackal bites you.
The jackal bites you but does no damage.
The jackal closely misses you.
The jackal bites you but does no damage.
The jackal bites you.
* * * LOW HITPOINT WARNING * * *
The jackal bites you.
* * * LOW HITPOINT WARNING * * *
A goblin comes into view. It is wielding a +0 club.
Are you sure you want to abandon this character and quit the game? (Confirm with "yes".)

.. .h.. #.
#..## #..
#.§.#
#..#####g#
...#...#
#.#.###
#...#
###h###
#.h@h.#
#.....#
#.....#
#.###.#
#.#÷#.#
#.###.#
#.....#
#..<..#
#.....#


You could see 3 jackals and a goblin (wandering).

Vanquished Creatures
  A bat (D:1)
  A goblin (D:1)
  A jackal (D:1)
3 creatures vanquished.

Vanquished Creatures (others)
  9 foxfires (D:1)
9 creatures vanquished.

Grand Total: 12 creatures vanquished

Notes
Turn   | Place    | Note
-------+----------+-------------------------------------------
     0 | D:1      | CungeonDrawl the Demonspawn Fire Elementalist began the
                  | quest for the Orb.
     0 | D:1      | Reached XP level 1. HP: 13/13 MP: 3/3
    64 | D:1      | Quit the game

Illustrated notes

Levels and vault maps discovered:
D:1:      nicolae_arrival_memento_mori, layout_loops_cross,
          basic_ecumenical_altar, hangedman_glass_teeth, minmay_misc_feat_alley,
          hangedman_abyss_or_decor_stabs

Action                   || total
-------------------------++-------
Melee: Unarmed           ||     8
 Cast: Foxfire           ||     6
Armor: Robe              ||     3
Dodge: Dodged            ||    11
